 Dungeon Crawl Stone Soup version 0.20.0-15-g7f486f2 (webtiles) character file.

40994 Gorglomux the Severer (level 13, -3/190 HPs)
             Began as a Minotaur Berserker on June 11, 2017.
             Was a High Priest of Trog.
             Slain by a 16-headed hydra (7 damage)
             ... on level 6 of the Lair of Beasts.
             The game lasted 00:13:02 (13342 turns).

Gorglomux the Severer (Minotaur Berserker)         Turns: 13342, Time: 00:13:02

Health: -3/190     AC: 17    Str: 30    XL:     13   Next: 77%
Magic:  12/12      EV: 18    Int:  4    God:    Trog [*****.]
Gold:   748        SH:  2    Dex: 12    Spells: 12/12 levels left

rFire    . . .     SeeInvis .   J - +6 war axe (freeze)
rCold    . . .     Gourm    .   (no shield)
rNeg     . . .     Faith    .   m - +2 plate armour
rPois    +         Spirit   .   (helmet restricted)
rElec    .         Reflect  +   (no cloak)
rCorr    .         Harm     .   (no gloves)
MR       ++...                  (no boots)
Stlth    ..........             u - +2 amulet of reflection
Regen    1.5/turn               v - +5 ring of evasion
MPRegen  0.2/turn               o - ring of poison resistance

@: berserking, starving, regenerating, very quick
A: retaliatory headbutt, horns 2
a: Berserk, Trog's Hand, Brothers in Arms, Burn Spellbooks, Renounce Religion


You were on level 6 of the Lair of Beasts.
You worshipped Trog.
Trog was extremely pleased with you.
You were starving.

You visited 2 branches of the dungeon, and saw 17 of its levels.

You collected 958 gold pieces.
You spent 210 gold pieces at shops.

Inventory:

Hand Weapons
 J - a +6 war axe of freezing (weapon)
Armour
 m - a +2 plate armour (worn)
Jewellery
 c - an uncursed ring of protection from cold
 l - an uncursed ring of flight
 o - a ring of poison resistance (right hand)
 u - a +2 amulet of reflection (around neck)
 v - a +5 ring of evasion (left hand)
 R - an uncursed amulet of magic regeneration
Wands
 r - a wand of lightning (8/15)
 A - a wand of acid (6/15)
 E - a wand of enslavement (17/24)
 I - a wand of iceblast (7/15)
 L - a wand of lightning (9/15)
 O - a wand of clouds (6/9)
 P - a wand of paralysis (4/24)
Scrolls
 e - a scroll of recharging
 j - 2 scrolls of immolation {unknown}
 p - 11 scrolls of remove curse
 s - a scroll of fog
 y - a scroll of holy word {unknown}
 B - 2 scrolls of blinking
 C - a scroll of vulnerability {unknown}
 D - a scroll of summoning {unknown}
 H - 3 scrolls of fear
 M - 5 scrolls of magic mapping
 S - a scroll of brand weapon {unknown}
 T - 4 scrolls of teleportation
 X - 4 scrolls of enchant armour
 Z - a scroll of enchant weapon
Potions
 d - 3 potions of cancellation
 f - a potion of lignification {unknown}
 i - 2 potions of resistance
 n - a potion of flight {unknown}
 q - 3 potions of agility
 t - 4 potions of brilliance
 F - a potion of invisibility {unknown}
 G - a potion of mutation {unknown}
 K - 5 potions of berserk rage
 N - 4 potions of heal wounds
 Q - 6 potions of curing
 U - 4 potions of degeneration {unknown}
 W - 5 potions of might {unknown}
Miscellaneous
 V - a phantom mirror
Comestibles
 k - 6 chunks of flesh
 w - 23 fruits
 x - 8 royal jellies
 z - 6 meat rations
 Y - 5 bread rations


   Skills:
 + Level 15.6 Fighting
 + Level 16.2 Axes
 + Level 12.1 Armour
 + Level 11.4 Dodging


You had 12 spell levels left.
You didn't know any spells.

Dungeon Overview and Level Annotations

Branches:
Dungeon (11/15)            Temple (0/1) D:4            Lair (6/6) D:11
 Shoals (0/4) Lair:4        Snake (0/4) Lair:3        Slime (0/5) Lair:5
    Orc: D:9-12

Altars:
Ashenzari
Cheibriados
Fedhas
Gozag
Nemelex Xobeh
Uskayaw
Xom
The Shining One
Jiyva

Shops:
D:7 ?

Annotations:
D:4 2 transporters
Lair:2 exclusion: oklob plant


Innate Abilities, Weirdness & Mutations

You reflexively headbutt those who attack you in melee.
You have a pair of horns on your head.


Message History

The 16-headed hydra is almost dead.
You slice the blink frog!!
The blink frog seems to slow down.
You freeze the blink frog! You completely miss the crocodile.
The crocodile bites you!
* * * LOW HITPOINT WARNING * * *
The 16-headed hydra bites you but does no damage. x2
The 16-headed hydra barely misses you.
The 16-headed hydra bites you but does no damage.
The 16-headed hydra closely misses you. The 16-headed hydra misses you.
The 16-headed hydra bites you but does no damage.
The 16-headed hydra bites you!
* * * LOW HITPOINT WARNING * * *
The 16-headed hydra bites you but does no damage.
The 16-headed hydra bites you!
* * * LOW HITPOINT WARNING * * *
The 16-headed hydra misses you. The 16-headed hydra barely misses you.
The 16-headed hydra misses you. The 16-headed hydra bites you.
* * * LOW HITPOINT WARNING * * *
The 16-headed hydra bites you!
You die...

.##.......P....# #.......###..
.....?....P....# #..#..P.##..
#.............## #..........
##....P.......# ##.........P
#....[..P....## ##PP.........
###.†.(........## #..P.........
#.#............P#####.....P...###
..#............§#.##......FPP..##
...........P...F@..##.........###
..........##...DtFP####.t.....# #
......P.#.####(....#.##.......# #
.........## ##...............## #
........#.###....[...........####
..........##....PP...........##..
..........###................##..
...........##................##..
...#.........................##..


You could see a 16-headed hydra, 2 blink frogs and a crocodile.

Vanquished Creatures
  A fire giant (D:10)
  Nessos (Lair:5)
  3 hydras
  2 catoblepae
  2 two-headed ogres (D:9)
  An orc knight (D:10)
  An ugly thing (D:10)
  A manticore (D:10)
  A cyclops (D:10)
  Joseph (D:9)
  8 black mambas
  17 elephants
  3 spiny frogs
  3 rime drakes
  4 komodo dragons
  A kobold demonologist (D:11)
  An efreet (D:10)
  8 hippogriffs
  2 polar bears (Lair:6)
  Grinder (D:6)
  18 blink frogs
  25 yaks
  A vampire (D:11)
  2 wraiths (D:10)
  2 wyverns
  4 basilisks
  Eustachio (D:5)
  A hungry ghost (D:9)
  A steam dragon (D:9)
  4 wargs
  2 nagas (Lair:3)
  14 water moccasins
  7 porcupines
  A black bear (Lair:2)
  3 orc warriors (D:10)
  A sky beast (D:10)
  3 ice beasts
  An eye of draining (D:10)
  2 phantoms
  8 ogres
  8 centaurs
  15 wolves
  5 crocodiles
  8 bullfrogs
  A big kobold (D:8)
  A wyvern zombie (D:5)
  9 scorpions
  9 wights (D:9)
  A howler monkey (D:9)
  2 centaur zombies (D:5)
  A bullfrog zombie (D:10)
  2 crimson imps
  A quasit (D:8)
  2 hounds
  4 jellies
  2 bullfrog skeletons
  2 orc priests (D:11)
  A gnoll shaman (D:5)
  3 centaur skeletons
  13 orc wizards
  8 worker ants
  An iguana (D:8)
  A hound zombie (D:6)
  2 worker ant zombies
  5 gnolls
  12 adders
  A howler monkey skeleton (D:4)
  A shadow imp (D:9)
  An ooze (D:3)
  2 adder zombies
  An adder skeleton (D:9)
  5 worms
  5 dart slugs
  5 leopard geckos
  33 orcs
  4 giant cockroaches
  7 goblins (D:1)
  7 hobgoblins (D:1)
  4 jackals (D:5)
  3 quokkas
  A ball python (D:4)
  6 bats
  4 frilled lizards
  11 kobolds
  A quokka skeleton (D:4)
  4 rats
  5 fungi
  3 plants (Lair:6)
396 creatures vanquished.

Vanquished Creatures (collateral kills)
  2 hydras
2 creatures vanquished.

Vanquished Creatures (others)
  A fungus (Lair:4)
1 creature vanquished.

Grand Total: 399 creatures vanquished

Notes
Turn   | Place    | Note
-------+----------+-------------------------------------------
     0 | D:1      | Gorglomux the Minotaur Berserker began the quest for the Orb.
     0 | D:1      | Reached XP level 1. HP: 19/19 MP: 0/0
    20 | D:1      | Reached skill level 4 in Axes
    27 | D:1      | Reached XP level 2. HP: 22/26 MP: 1/1
   486 | D:1      | Reached skill level 5 in Axes
   604 | D:1      | Reached XP level 3. HP: 31/31 MP: 2/2
   610 | D:1      | Reached ** piety under Trog
  1238 | D:2      | Reached skill level 6 in Axes
  1238 | D:2      | Reached XP level 4. HP: 32/39 MP: 3/3
  1729 | D:3      | Reached XP level 5. HP: 33/45 MP: 4/4
  1994 | D:3      | Reached skill level 7 in Axes
  2250 | D:4      | Found a snail-covered altar of Cheibriados.
  2250 | D:4      | Found a shimmering altar of Xom.
  2251 | D:4      | Found a sparkling altar of Nemelex Xobeh.
  2251 | D:4      | Found a glowing golden altar of the Shining One.
  2251 | D:4      | Found a blossoming altar of Fedhas.
  2348 | D:4      | Found a transporter.
  2373 | D:4      | Noticed an ogre
  2377 | D:4      | Killed an ogre
  2377 | D:4      | Reached XP level 6. HP: 53/53 MP: 5/5
  2388 | D:4      | Got a steaming ring mail
  2399 | D:4      | Identified the +2 ring mail "Ram Hecu" {rF+++ rC- MP+9 Dex-5} (You found it on level 4 of the Dungeon)
  2401 | D:4      | Noticed a red ugly thing
  2402 | D:4      | Found an opulent altar of Gozag.
  2482 | D:4      | Found a transporter.
  2670 | D:4      | Found a staircase to the Ecumenical Temple.
  2840 | D:5      | Entered Level 5 of the Dungeon
  2868 | D:5      | Reached skill level 8 in Axes
  2950 | D:5      | Noticed Eustachio
  2965 | D:5      | Killed Eustachio
  2965 | D:5      | Reached *** piety under Trog
  2965 | D:5      | Reached skill level 6 in Fighting
  2965 | D:5      | Reached XP level 7. HP: 63/63 MP: 6/6
  3233 | D:5      | Reached skill level 9 in Axes
  3720 | D:5      | Reached XP level 8. HP: 67/73 MP: 7/7
  3853 | D:6      | Reached skill level 10 in Axes
  3930 | D:6      | Noticed Grinder
  3965 | D:6      | Paralysed by Grinder for 3 turns
  3976 | D:6      | Killed Grinder
  4144 | D:7      | Reached skill level 9 in Fighting
  4432 | D:7      | Reached **** piety under Trog
  4432 | D:7      | Reached skill level 11 in Axes
  4480 | D:7      | Found Alukap's Magic Scroll Shoppe.
  4487 | D:7      | Bought a scroll of blinking for 105 gold pieces
  4487 | D:7      | Bought a scroll of blinking for 105 gold pieces
  4533 | D:7      | Reached XP level 9. HP: 83/85 MP: 8/8
  4576 | D:8      | Found a shattered altar of Ashenzari.
  4670 | D:8      | Found a hide-covered altar of Uskayaw.
  4892 | D:8      | Reached skill level 12 in Axes
  5205 | D:9      | Noticed a two-headed ogre
  5215 | D:9      | Killed a two-headed ogre
  5215 | D:9      | Reached skill level 3 in Armour
  5215 | D:9      | Reached skill level 3 in Dodging
  5225 | D:9      | Paralysed by fainting for 11 turns
  5274 | D:9      | Reached XP level 10. HP: 60/96 MP: 9/9
  5660 | D:9      | Noticed a two-headed ogre
  5667 | D:9      | Killed a two-headed ogre
  5741 | D:9      | Reached skill level 12 in Fighting
  5765 | D:9      | Reached skill level 13 in Axes
  6033 | D:9      | Noticed Joseph
  6043 | D:9      | Killed Joseph
  6043 | D:9      | Reached skill level 6 in Armour
  6254 | D:10     | Entered Level 10 of the Dungeon
  6511 | D:10     | Reached ***** piety under Trog
  6511 | D:10     | Reached skill level 6 in Dodging
  6532 | D:10     | Noticed a fire giant
  6541 | D:10     | Killed a fire giant
  6541 | D:10     | Reached XP level 11. HP: 105/105 MP: 10/10
  6666 | D:10     | Noticed a brown ugly thing
  6677 | D:10     | Killed a brown ugly thing
  7325 | D:10     | Noticed an orc knight
  7335 | D:10     | Killed an orc knight
  7778 | D:10     | Reached skill level 14 in Axes
  8135 | D:11     | Found a staircase to the Lair.
  8188 | Lair:1   | Entered Level 1 of the Lair of Beasts
  8282 | Lair:1   | Noticed a catoblepas
  8296 | Lair:1   | Killed a catoblepas
  8503 | Lair:1   | Received a gift from Trog
  8524 | Lair:1   | Reached XP level 12. HP: 116/116 MP: 11/11
  8635 | Lair:1   | Reached skill level 9 in Armour
  9202 | Lair:2   | Reached skill level 9 in Dodging
  9529 | Lair:2   | Noticed a four-headed hydra
  9534 | Lair:2   | Killed a four-headed hydra
  9714 | Lair:2   | Reached skill level 15 in Axes
  9720 | Lair:2   | Noticed a four-headed hydra
  9727 | Lair:2   | Killed an eight-headed hydra
 10700 | Lair:3   | Found a staircase to the Snake Pit.
 10887 | Lair:3   | Reached XP level 13. HP: 125/125 MP: 12/12
 11873 | Lair:4   | Found a staircase to the Shoals.
 12240 | Lair:5   | Found a staircase to the Slime Pits.
 12240 | Lair:5   | Found a viscous altar of Jiyva.
 12439 | Lair:5   | Noticed Nessos
 12449 | Lair:5   | Killed Nessos
 12449 | Lair:5   | Reached skill level 15 in Fighting
 12838 | Lair:6   | Entered Level 6 of the Lair of Beasts
 13057 | Lair:6   | Reached skill level 16 in Axes
 13261 | Lair:6   | Reached skill level 12 in Armour
 13342 | Lair:6   | HP: 5/190 [16-headed hydra (9)]
 13342 | Lair:6   | Slain by a 16-headed hydra

Skill      XL: |  1  2  3  4  5  6  7  8  9 10 11 12 13 |
---------------+----------------------------------------+-----
Axes           | 4 5 6 7 8 9 11 12 13 14 15 16 | 16.2
Fighting       | 4 6 7 9 11 12 13 14 15 | 15.6
Armour         | 4 6 8 10 12 | 12.1
Dodging        | 3 6 8 10 11 | 11.4

Action                   |  1- 3 |  4- 6 |  7- 9 | 10-12 | 13-15 || total
-------------------------+-------+-------+-------+-------+-------++-------
Melee: Hand axe          |    62 |    17 |       |       |       ||    79
       Headbutt          |    12 |    17 |    36 |    97 |    54 ||   216
       Whip              |       |    20 |       |       |       ||    20
       War axe           |       |    57 |   195 |   449 |   169 ||   870
Invok: Berserk           |     2 |     4 |     7 |     8 |     5 ||    26
       Trog's Hand       |     1 |       |     2 |     3 |     3 ||     9
       Burn Spellbooks   |       |       |     1 |     1 |     1 ||     3
       Brothers in Arms  |       |       |       |     2 |     2 ||     4
Evoke: Wand              |       |       |       |       |     1 ||     1
  Use: Scroll            |       |       |     8 |    12 |     1 ||    21
 Stab: Paralysed         |       |       |       |       |     2 ||     2
  Eat: Chunk             |     3 |     8 |    13 |    26 |     8 ||    58
       Meat ration       |       |       |     1 |       |     1 ||     2
Armor: Ring mail         |    16 |    13 |       |       |       ||    29
       Animal skin       |     2 |       |       |       |       ||     2
       Scale mail        |       |    18 |    49 |    10 |       ||    77
       Chain mail        |       |       |       |    37 |       ||    37
       Plate armour      |       |       |       |    61 |   110 ||   171
Dodge: Dodged            |    34 |    66 |   154 |   310 |   224 ||   788
Block: Other             |       |       |       |    17 |    15 ||    32
       Reflection        |       |       |       |       |     1 ||     1
